 Dungeon Crawl Stone Soup version 0.28.0-43-g3370ac3207 (webtiles) character file.

Game seed: 4118105616787591541

1234 Iusername the Covered (level 8, -4/68 HPs)
             Began as a Minotaur Fighter on Apr 1, 2022.
             Was a Priest of Wu Jian.
             Slain by a gargoyle
             ... wielding a +0 mace
              (11 damage)
             ... on level 6 of the Dungeon.
             The game lasted 00:21:05 (7259 turns).

Iusername the Covered (Minotaur Fighter)            Turns: 7259, Time: 00:21:06

Health: -4/68      AC: 11    Str: 20    XL:     8   Next: 24%
Magic:  7/7        EV: 10    Int:  7    God:    Wu Jian [***...]
Gold:   34         SH:  5    Dex: 11    Spells: 7/7 levels left

rFire   . . .      SeeInvis .   w - +2 dagger (venom)
rCold   . . .      Faith    .   c - +0 buckler
rNeg    . . .      Spirit   .   b - +1 scale mail
rPois   +          Reflect  .   (helmet restricted)
rElec   .          Harm     .   y - +0 cloak
rCorr   .          Rampage  .   x - +0 pair of gloves
Will    .....                   (no boots)
Stlth   ..........              (no amulet)
HPRegen 0.21/turn               q - ring of poison resistance
MPRegen 0.10/turn               (no ring)

@: mighty
A: horns 2, retaliatory headbutt
a: Renounce Religion, Wall Jump, Serpent's Lash


You were on level 6 of the Dungeon.
You worshipped Wu Jian.
Wu Jian was most pleased with you.
You visited 1 branch of the dungeon, and saw 6 of its levels.

You collected 132 gold pieces.
You spent 98 gold pieces at shops.

Inventory:

Hand Weapons
 a - a +0 trident
 m - a +0 halberd of venom
 w - a +2 dagger of venom (weapon)
Armour
 b - a +1 scale mail (worn)
 c - a +0 buckler (worn)
 x - a +0 pair of gloves (worn)
 y - a +0 cloak (worn)
Jewellery
 q - a ring of poison resistance (left hand)
Wands
 u - a wand of paralysis (13) (quivered)
Scrolls
 e - 3 scrolls of vulnerability {unknown}
 g - a scroll of magic mapping {unknown}
 i - 3 scrolls of immolation {unknown}
 l - 2 scrolls of identify {unknown}
 n - a scroll of blinking {unknown}
 p - a scroll of amnesia {unknown}
 r - 4 scrolls of fear {unknown}
 s - 2 scrolls of teleportation {unknown}
 v - a scroll of holy word {unknown}
 A - a scroll of enchant weapon {unknown}
Potions
 f - a potion of ambrosia {unknown}
 h - 2 potions of heal wounds {unknown}
 j - a potion of haste {unknown}
 o - 2 potions of degeneration {unknown}
 z - a potion of flight {unknown}


   Skills:
 + Level 5.1 Fighting
 + Level 2.0 Short Blades
 + Level 7.2 Polearms
 + Level 7.7 Armour
 + Level 2.6 Dodging
 + Level 0.5 Stealth
 + Level 4.5 Shields
 + Level 1.9 Evocations


You had 7 spell levels left.
You didn't know any spells.
Your spell library was empty.

Dungeon Overview and Level Annotations

Branches:
Dungeon (6/15)             Temple (0/1) D:4

Altars:
Okawaru
Wu Jian

Shops:
D:5 [

Annotations:
D:6 3 runed translucent doors


Innate Abilities, Weirdness & Mutations

You have a pair of horns on your head.
You reflexively headbutt those who attack you in melee.


Message History

An ice beast comes into view.
The gargoyle hurls a stone arrow at you.
The stone arrow hits you!!
An orc comes into view. It is wielding a +0 club.
The gargoyle misses you.
You spin and attack the gargoyle.
You hit the gargoyle but do no damage. The gargoyle hits you with a +0 mace!
The gargoyle hurls a stone arrow at you.
The stone arrow hits you!
* * * LOW HITPOINT WARNING * * *
An orc comes into view. It is wielding a +0 flail.
You spin and attack the orc.
You hit the orc.
The orc is poisoned.
You headbutt the orc.
The orc is severely wounded.
The orc shouts!
An orc comes into view. It is wielding a +0 flail.
You see here 2 potions of curing.
You feel better.
The orc shouts!
The orc completely misses you.
The ice beast hits you but does no damage.
You hit the ice beast.
The ice beast is lightly wounded.
You kill the orc!
The Council accepts your kill.
The gargoyle hurls a stone arrow at you.
The stone arrow misses you. The ice beast hits you.
* * * LOW HITPOINT WARNING * * *
The ice beast freezes you!
* * * LOW HITPOINT WARNING * * *
Your Short Blades skill increases to level 2!
You feel very mighty all of a sudden. The gargoyle hits you with a +0 mace.
* * * LOW HITPOINT WARNING * * *
The ice beast hits you but does no damage.
You puncture the ice beast! You headbutt the ice beast!
You kill the ice beast!
The Council accepts your kill. The gargoyle hits you with a +0 mace!
You die...

## ...##.........#
.####..$..........+
.#..#..............+
.#...#...............+
...#...#.>...........#
#...#...$...........
#...#9........#
#.@.........#
#...#)........#
#...#o..........#
...#...#..##.....#
.#...#....####.###
.#...#..# #.# ..#....#
#.# .#...#..# #.# #.#


You could see a gargoyle and an orc.

Vanquished Creatures
  An orc warrior (D:5)
  2 ice beasts
  A necrophage (D:4)
  A centaur (D:4)
  Blork the orc (D:4)
  A scorpion (D:4)
  A vampire bat (D:5)
  A centaur zombie (D:5)
  2 jellies
  2 orc priests
  3 hounds
  Terence (D:2)
  Natasha (twice) (D:4)
  2 iguanas (D:4)
  2 orc wizards
  A hound skeleton (D:5)
  Robin (D:2)
  A gnoll (D:1)
  7 adders
  A worm (D:2)
  3 fire bats (D:5)
  11 orcs
  2 spectral bats (D:5)
  7 ball pythons
  14 bats
  3 bat skeletons (D:5)
  A bat zombie (D:5)
  8 endoplasms
  5 giant cockroaches
  15 goblins
  11 hobgoblins
  4 jackals (D:1)
  5 quokkas
  A bat simulacrum (D:5)
  5 frilled lizards
  4 kobolds
  12 rats
145 creatures vanquished.

Vanquished Creatures (others)
  5 plants (D:2)
5 creatures vanquished.

Grand Total: 150 creatures vanquished

Notes
Turn   | Place    | Note
-------+----------+-------------------------------------------
     0 | D:1      | Iusername the Minotaur Fighter began the quest for the Orb.
     0 | D:1      | Reached XP level 1. HP: 19/19 MP: 0/0
   302 | D:1      | Reached XP level 2. HP: 27/27 MP: 1/1
   481 | D:1      | Reached XP level 3. HP: 32/33 MP: 2/2
  1591 | D:2      | Found a faded altar of an unknown god.
  1619 | D:2      | Reached XP level 4. HP: 36/40 MP: 3/3
  1626 | D:2      | Prayed at the altar of an unknown god.
  1626 | D:2      | Became a worshipper of the Wu Jian Council
  1626 | D:2      | Reached * piety under Wu Jian
  1736 | D:2      | Noticed Terence
  1747 | D:2      | Killed Terence
  1748 | D:2      | Reached skill level 5 in Armour
  2064 | D:2      | Noticed Robin
  2074 | D:2      | Killed Robin
  2075 | D:2      | Reached skill level 1 in Dodging
  2075 | D:2      | Reached XP level 5. HP: 30/46 MP: 4/4
  3044 | D:3      | Reached ** piety under Wu Jian
  3934 | D:4      | Noticed a centaur
  3938 | D:4      | Killed a centaur
  3939 | D:4      | Reached skill level 5 in Polearms
  3939 | D:4      | Reached XP level 6. HP: 51/53 MP: 5/5
  3944 | D:4      | Found a staircase to the Ecumenical Temple.
  4091 | D:4      | Noticed Blork the orc
  4100 | D:4      | Killed Blork the orc
  4103 | D:4      | Reached skill level 1 in Evocations
  4187 | D:4      | Found an iron altar of Okawaru.
  4296 | D:4      | Noticed Natasha
  4305 | D:4      | Killed Natasha
  4306 | D:4      | Reached XP level 7. HP: 35/60 MP: 6/6
  4952 | D:4      | Noticed Natasha
  4957 | D:4      | Killed Natasha
  5238 | D:5      | Entered Level 5 of the Dungeon
  5238 | D:5      | Found Buosiul's Armour Shoppe.
  5274 | D:5      | Bought a +0 pair of gloves for 49 gold pieces
  5274 | D:5      | Bought a +0 cloak for 49 gold pieces
  5308 | D:5      | Found a glowing drain.
  5712 | D:5      | Reached skill level 5 in Fighting
  5714 | D:5      | Reached *** piety under Wu Jian
  5736 | D:5      | Reached skill level 1 in Short Blades
  5736 | D:5      | Reached XP level 8. HP: 62/68 MP: 7/7
  7246 | D:6      | Noticed a gargoyle
  7247 | D:6      | Found a runed translucent gate.
  7247 | D:6      | Found a runed translucent gate.
  7247 | D:6      | Found a runed translucent gate.
  7259 | D:6      | Slain by a gargoyle

Illustrated notes

Levels and vault maps discovered:
D:1:      dpeg_arrival_arbitrary_a, layout_loops_ring
D:2:      layout_basic, nicolae_ecumenical_snake_handling,
          hangedman_abyss_or_decor_lesser_grid, minmay_door_square,
          hangedman_abyss_or_decor_stabs, guppyfry_early_lair_pool, uniq_robin,
          uniq_terence
D:3:      layout_loops_ring
D:4:      minmay_evil_eye, layout_cave_pods,
          mainiacjoe_overflow_concentric_impassable, minmay_temple_entry_hall,
          kennysheep_generic_room_5, uniq_natasha, uniq_blork_the_orc
D:5:      layout_basic, gup_sewer_entry_glass, nicolae_stop_n_shop_1,
          goddamned_bats
D:6:      layout_basic, mainiacjoe_overflow_24_doors,
          gammafunk_ghost_necromancy, hex_large

Skill      XL: |  1  2  3  4  5  6  7  8 |
---------------+-------------------------+-----
Shields        | 4 |  4.5
Armour         | 4 5 6 7 |  7.7
Polearms       | 3 5 7 |  7.2
Fighting       | 4 5 |  5.1
Dodging        | 1 2 |  2.6
Evocations     | 1 |  1.9
Short Blades   | 1 2 |  2.0
Stealth        | |  0.5

Action                   |  1- 3 |  4- 6 |  7- 9 || total
-------------------------+-------+-------+-------++-------
Melee: Trident           |    85 |    54 |       ||   139
       Headbutt          |    12 |    19 |    27 ||    58
       Halberd           |       |    76 |    36 ||   112
       Dagger            |       |       |   105 ||   105
Invok: Lunge             |       |    16 |     8 ||    24
       Whirlwind         |       |     7 |    17 ||    24
Evoke: Wand              |       |    10 |       ||    10
  Use: Potion            |       |       |     3 ||     3
       Scroll            |       |       |     1 ||     1
 Stab: Distracted        |       |       |     1 ||     1
Armor: Scale mail        |    46 |    58 |    76 ||   180
Dodge: Dodged            |    58 |    61 |   104 ||   223
Block: Buckler           |    22 |     5 |    27 ||    54
